 Dungeon Crawl Stone Soup version 0.29.1-1-gd02db6906a (webtiles) character file.

Game seed: 8491839367311329101

22891 karrick the Cleaver (level 13, -1/83 HPs)
             Began as a Gargoyle Fighter on Sept 24, 2022.
             Was the Champion of Okawaru.
             Slain by an eight-headed hydra (3 damage)
             ... on level 12 of the Dungeon.
             The game lasted 00:23:34 (12846 turns).

karrick the Cleaver (Gargoyle Fighter)             Turns: 12846, Time: 00:23:35

Health: -1/83      AC: 18    Str: 23    XL:     13   Next: 3%
Magic:  25/25      EV: 11    Int: 12    God:    Okawaru [******]
Gold:   1080       SH:  7    Dex: 20    Spells: 12/12 levels left

rFire   . . .      SeeInvis +   a - +0 flail
rCold   . . .      Faith    .   c - +0 buckler
rNeg    + . .      Spirit   .   w - +2 robe of Defiance {Str+2 Int+3 Dex+4 Slay+2}
rPois   ∞          Reflect  .   E - +0 helmet
rElec   +          Harm     .   f - scarf {repulsion}
rCorr   .          Rampage  .   H - +2 pair of gloves {Dex+3}
Will    .....                   (no boots)
Stlth   ++++......              K - amulet of regeneration
HPRegen 1.03/turn               m - ring "Buelerec" {MP+9 SInv}
MPRegen 0.19/turn               (no ring)

@: repel missiles
A: sickness immunity, AC +9, negative energy resistance 1, electricity
resistance, torment resistance 1, petrification resistance
a: Renounce Religion, Heroism, Finesse, Duel


You were on level 12 of the Dungeon.
You worshipped Okawaru.
Okawaru was exalted by your worship.
You visited 2 branches of the dungeon, and saw 15 of its levels.
You also visited: Ossuary and Bailey.

You collected 1080 gold pieces.

Inventory:

Hand Weapons
 a - a +0 flail (weapon)
 z - the +8 war axe "Orb Guardian's Peril" {freeze, rElec Int+3 SInv Stlth+}
   (You found it on level 5 of the Dungeon)

   It freezes those it strikes, dealing additional cold damage.
   It can also slow down cold-blooded creatures.
   Int:       It affects your intelligence (+3).
   rElec:     It insulates you from electricity.
   SInv:      It lets you see invisible.
   Stlth:     It makes you more stealthy.
Missiles
 o - 3 throwing nets
 F - 12 boomerangs (quivered)
Armour
 b - a +0 scale mail
 c - a +0 buckler (worn)
 f - a scarf of repulsion (worn)
 w - the +2 robe of Defiance (worn) {Str+2 Int+3 Dex+4 Slay+2}
   (You found it on level 4 of the Dungeon)

   Str:       It affects your strength (+2).
   Int:       It affects your intelligence (+3).
   Dex:       It affects your dexterity (+4).
   Slay:      It affects your accuracy & damage with ranged weapons and melee
   (+2).
 E - a +0 helmet (worn)
 H - a +2 pair of gloves of dexterity (worn)
 Q - a +4 ring mail of fire resistance
 S - a +2 cloak
Jewellery
 m - the ring "Buelerec" (left hand) {MP+9 SInv}
   (You found it on level 3 of the Dungeon)

   [ring of magical power]

   MP:        It affects your magic capacity (+9).
   SInv:      It lets you see invisible.
 K - an amulet of regeneration (around neck)
 L - a ring of ice
 R - a ring of wizardry
 T - a ring of magical power
Wands
 l - a wand of polymorph (11)
 D - a wand of quicksilver (14)
 J - a wand of iceblast (10)
 N - a wand of flame (9)
Scrolls
 e - 5 scrolls of vulnerability {unknown}
 h - 6 scrolls of magic mapping
 i - a scroll of brand weapon {unknown}
 j - 3 scrolls of fog {unknown}
 n - 7 scrolls of identify
 p - 6 scrolls of teleportation
 r - 5 scrolls of noise {unknown}
 s - a scroll of torment {unknown}
 y - 3 scrolls of poison {unknown}
 M - a scroll of fear {unknown}
 O - 5 scrolls of immolation {unknown}
 P - 2 scrolls of enchant weapon {unknown}
 U - a scroll of amnesia {unknown}
Potions
 d - a potion of invisibility
 g - 5 potions of flight
 k - 8 potions of heal wounds
 q - 4 potions of mutation
 t - a potion of experience
 u - 10 potions of ambrosia
 v - 4 potions of attraction
 x - 5 potions of might
 A - 2 potions of cancellation
 B - 3 potions of lignification
 C - 9 potions of curing
 G - a potion of berserk rage {unknown}
Miscellaneous
 I - a phial of floods


   Skills:
 + Level 10.5 Fighting
 + Level 13.6(14.0) Axes
 + Level 6.3(11.4) Maces & Flails
 + Level 1.3 Throwing
 + Level 5.1 Armour
 + Level 8.2 Stealth
 + Level 7.7 Shields
 * Level 4.9 Invocations


You had 12 spell levels left.
You didn't know any spells.
Your spell library contained the following spells:

 Spells                   Type           Power      Damage    Failure   Level
 Apportation              Tloc           0%         N/A       38%         1
 Ensorcelled Hibernation  Hex/Ice        0%         N/A       52%         2
 Confusing Touch          Hex            0%         N/A       77%         3
 Frozen Ramparts          Ice            0%         1d1       77%         3
 Portal Projectile        Hex/Tloc       0%         N/A       77%         3
 Spider Form              Tmut/Pois      0%         N/A       77%         3
 Anguish                  Hex/Necr       0%         N/A       99%         4
 Ice Form                 Ice/Tmut       0%         N/A       99%         4
 Leda's Liquefaction      Hex/Erth       0%         N/A       99%         4
 Alistair's Intoxication  Tmut/Pois      0%         N/A       100%        5
 Yara's Violent Unravell  Hex/Tmut       0%         3d3       100%        5
 Enfeeble                 Hex            0%         N/A       100%        7
 Call Canine Familiar     Summ           Unusable   N/A       N/A         3
 Summon Ice Beast         Ice/Summ       Unusable   N/A       N/A         4

Dungeon Overview and Level Annotations

Branches:
Dungeon (14/15)            Temple (1/1) D:5            Lair (0/5) D:8
Ossuary (visited)          Bailey (visited)
    Orc: D:9-12      Vaults: D:13-14

Altars:
Ashenzari
Cheibriados
Dithmenos
Elyvilon
Fedhas
Gozag
Hepliaklqana
Kikubaaqudgha
Makhleb
Nemelex Xobeh
Okawaru
Qazlal
Ru
Sif Muna
Trog
Uskayaw
Vehumet
Wu Jian
Xom
Yredelemnul
Zin
The Shining One

Shops:
D:1 *   D:2 *

Portals:
Abyss: D:3


Innate Abilities, Weirdness & Mutations

You are immune to sickness and miasma.
Your stone body is resilient. (AC +9)
You are immune to poison.
You resist negative energy. (rN+)
You are resistant to electric shocks. (rElec)
You are resistant to unholy torment.
You are immune to petrification.


Message History

The eight-headed hydra bites you but does no damage.
You block the eight-headed hydra's attack.
The eight-headed hydra bites you but does no damage. x4
You thump the eight-headed hydra!
The eight-headed hydra is severely wounded.
The eight-headed hydra closely misses you.
The eight-headed hydra barely misses you.
You block the eight-headed hydra's attack.
The eight-headed hydra barely misses you.
You block the eight-headed hydra's attack.
The eight-headed hydra bites you but does no damage. x2
The eight-headed hydra bites you!
You barely miss the eight-headed hydra.
The eight-headed hydra is severely wounded.
You block the eight-headed hydra's attack.
The eight-headed hydra bites you! The eight-headed hydra bites you.
The eight-headed hydra bites you! The eight-headed hydra bites you.
* * * LOW HITPOINT WARNING * * *
The eight-headed hydra barely misses you.
The eight-headed hydra bites you but does no damage.
The eight-headed hydra bites you!
* * * LOW HITPOINT WARNING * * *
Unknown command.
Unknown command.
Okay, then.
The eight-headed hydra attacks as you move away!
The eight-headed hydra bites you but does no damage.
You block the eight-headed hydra's attack.
The eight-headed hydra bites you!
* * * LOW HITPOINT WARNING * * *
The eight-headed hydra misses you.
You block the eight-headed hydra's attack.
The eight-headed hydra closely misses you.
The eight-headed hydra barely misses you.
The eight-headed hydra closely misses you.
The eight-headed hydra attacks as you move away!
The eight-headed hydra bites you.
* * * LOW HITPOINT WARNING * * *
The eight-headed hydra misses you. The eight-headed hydra bites you.
You die...

##### #.....##
#...######.#..##
##.........####
#..######..#
#.## ##.## #..#
#..## ####
###..## ##..D..#
#...@..##
#.......##
#........#
#[.......## ####
#......#..##
##.<#
#......##..## #
##...##
#.....####..##
## #.....#
##...## #...##
##. ##.....##
#..##
##....#####..


You could see an eight-headed hydra.

Vanquished Creatures
  A boulder beetle (D:11)
  2 two-headed ogres
  4 cyclopes
  3 ugly things (D:13)
  10 centaur zombies (D:11)
  Joseph (D:9)
  Maurice (D:13)
  A gargoyle (D:13)
  An unseen horror (D:11)
  Psyche (D:8)
  A komodo dragon (D:8)
  2 kobold demonologists (D:10)
  A tengu conjurer (D:11)
  4 trolls
  A queen bee (D:11)
  A vampire (D:12)
  3 shadows
  A wyvern (D:10)
  3 wraiths
  21 yaks
  Grum (D:11)
  9 vampire mosquitoes
  2 acid dragons
  5 orc warriors
  An ice beast (D:8)
  A sky beast (D:6)
  A black bear (D:5)
  3 wolves (D:11)
  4 centaurs
  2 phantoms (D:6)
  The ghost of themarg the Caller, an amateur MfSu (D:3)
  12 kobold brigands
  3 bullfrogs
  2 scorpions
  A necrophage (D:6)
  A gnoll sergeant (D:5)
  3 water moccasin zombies (Ossuary)
  7 wights
  28 killer bees
  12 howler monkeys
  2 small abominations (D:3)
  A gnoll bouda (D:5)
  3 hounds
  3 jellies
  5 orc priests
  A boggart zombie (D:11)
  An iguana (D:4)
  4 orc wizards
  2 mummies (Ossuary)
  12 gnolls
  7 adders
  A white imp (D:5)
  2 ufetubi (D:5)
  2 adder zombies (Ossuary)
  3 worms
  4 dart slugs
  26 orcs
  5 bats
  5 endoplasms
  4 giant cockroaches
  2 gnoll zombies (Ossuary)
  13 goblins
  3 hobgoblins (D:2)
  5 jackals (D:1)
  4 quokkas
  9 ball pythons
  5 frilled lizards
  8 hobgoblin zombies (Ossuary)
  46 kobolds
  5 kobold zombies (Ossuary)
  8 orc zombies (Ossuary)
  3 rats
366 creatures vanquished.

Vanquished Creatures (others)
  An orc (D:9)
  9 plants
10 creatures vanquished.

Grand Total: 376 creatures vanquished

Notes
Turn   | Place    | Note
-------+----------+-------------------------------------------
     0 | D:1      | karrick the Gargoyle Fighter began the quest for the Orb.
     0 | D:1      | Reached XP level 1. HP: 14/14 MP: 1/1
     6 | D:1      | Noticed a hog
     6 | D:1      | Noticed a black bear
     6 | D:1      | Noticed a komodo dragon
     7 | D:1      | Noticed a black mamba
     7 | D:1      | Noticed a lindwurm
    64 | D:1      | Reached XP level 2. HP: 14/19 MP: 2/2
   553 | D:1      | Found Mibb's Assorted Antiques.
   884 | D:1      | Reached XP level 3. HP: 24/24 MP: 3/3
  1214 | D:1      | Found a faded altar of an unknown god.
  1607 | D:2      | Reached XP level 4. HP: 27/29 MP: 4/4
  1804 | D:2      | Found Fimeurph's Assorted Antiques.
  2476 | D:3      | Found a transporter.
  2495 | D:3      | Found a transporter.
  2502 | D:3      | Found a one-way gate to the infinite horrors of the Abyss.
  2502 | D:3      | Noticed themarg's ghost (amateur MfSu)
  2549 | D:3      | Identified the ring "Buelerec" {MP+9 SInv}
  2634 | D:3      | Noticed a kobold brigand
  2800 | D:3      | Reached XP level 5. HP: 32/33 MP: 5/5
  3252 | D:3      | Identified the +0 robe of Mirth {rF+ Str+4 Int+3}
  3299 | D:3      | Found a shimmering blue altar of Sif Muna.
  3299 | D:3      | Found a hazy altar of Hepliaklqana.
  3637 | D:4      | Reached XP level 6. HP: 15/39 MP: 6/6
  3732 | D:4      | Found a sand-covered staircase.
  3781 | Ossuary  | Entered an ossuary
  4197 | Ossuary  | Reached skill level 5 in Maces & Flails
  4197 | Ossuary  | Reached XP level 7. HP: 40/44 MP: 7/7
  4282 | Ossuary  | Reached skill level 5 in Fighting
  4756 | D:4      | Identified the +2 robe of Defiance {Str+2 Int+3 Dex+4
                  | Slay+2}
  4950 | D:5      | Entered Level 5 of the Dungeon
  5066 | D:5      | Identified the +8 war axe "Orb Guardian's Peril" {freeze,
                  | rElec Int+3 SInv Stlth+}
  5362 | D:5      | Found a glowing silver altar of Zin.
  5392 | D:5      | Reached skill level 5 in Armour
  5396 | D:5      | Reached skill level 1 in Axes
  5396 | D:5      | Reached XP level 8. HP: 10/51 MP: 8/8
  5649 | D:5      | Found a staircase to the Ecumenical Temple.
  5664 | Temple   | Entered the Ecumenical Temple
  5846 | Temple   | Became a worshipper of Warmaster Okawaru
  6034 | D:5      | Reached skill level 2 in Axes
  6267 | D:6      | Reached skill level 3 in Axes
  6393 | D:6      | Reached skill level 1 in Stealth
  6509 | D:6      | Reached * piety under Okawaru
  6510 | D:6      | Reached skill level 4 in Axes
  6840 | D:7      | Reached skill level 5 in Shields
  6845 | D:7      | Reached XP level 9. HP: 40/56 MP: 9/9
  7022 | D:7      | Reached skill level 5 in Axes
  7090 | D:8      | Reached ** piety under Okawaru
  7091 | D:8      | Reached skill level 6 in Axes
  7228 | D:8      | Noticed Psyche
  7234 | D:8      | Killed Psyche
  7320 | D:8      | Reached skill level 5 in Stealth
  7347 | D:8      | Found a flagged portal.
  7382 | Bailey   | Entered a bailey
  7635 | Bailey   | Reached *** piety under Okawaru
  7636 | Bailey   | Reached skill level 7 in Axes
  7677 | Bailey   | Reached XP level 10. HP: 45/63 MP: 10/10
  7851 | Bailey   | Found an iron altar of Okawaru.
  7989 | D:8      | Found a staircase to the Lair.
  8078 | D:8      | Reached skill level 8 in Axes
  8078 | D:8      | Reached skill level 1 in Throwing
  8652 | D:7      | Found an opulent altar of Gozag.
  8986 | D:7      | Reached **** piety under Okawaru
  9265 | D:3      | Killed themarg's ghost
  9271 | D:3      | Reached skill level 9 in Axes
  9856 | D:9      | Noticed Joseph
  9871 | D:9      | Killed Joseph
 10003 | D:9      | Reached skill level 10 in Axes
 10006 | D:9      | Reached XP level 11. HP: 44/68 MP: 11/11
 10586 | D:10     | Entered Level 10 of the Dungeon
 10605 | D:10     | Reached ***** piety under Okawaru
 10667 | D:10     | Noticed a two-headed ogre
 10679 | D:10     | Killed a two-headed ogre
 10852 | D:10     | Found a glowing golden altar of the Shining One.
 10908 | D:10     | Reached skill level 11 in Axes
 11169 | D:11     | Noticed a cyclops
 11175 | D:11     | Killed a cyclops
 11190 | D:11     | Noticed a boulder beetle
 11270 | D:11     | Noticed a cyclops
 11272 | D:11     | Noticed Grum
 11283 | D:11     | Killed a cyclops
 11287 | D:11     | Killed Grum
 11356 | D:11     | Received a gift from Okawaru
 11408 | D:11     | Reached skill level 12 in Axes
 11486 | D:11     | Noticed a cyclops
 11493 | D:11     | Killed a cyclops
 11494 | D:11     | Reached XP level 12. HP: 46/76 MP: 12/12
 11615 | D:11     | Reached skill level 1 in Invocations
 11651 | D:11     | Found a basalt altar of Yredelemnul.
 11696 | D:11     | Reached ****** piety under Okawaru
 11697 | D:11     | Reached skill level 13 in Axes
 11724 | D:11     | Reached skill level 10 in Fighting
 11897 | D:11     | Noticed a two-headed ogre
 11907 | D:11     | Killed a two-headed ogre
 11915 | D:11     | Killed a boulder beetle
 12066 | D:12     | You fall into a shaft and drop 2 floors!
 12246 | D:13     | Noticed Maurice
 12268 | D:13     | Killed Maurice
 12348 | D:13     | Received a gift from Okawaru
 12664 | D:12     | Reached XP level 13. HP: 80/83 MP: 16/16
 12843 | D:12     | HP: 1/83 [eight-headed hydra (8)]
 12846 | D:12     | Slain by an eight-headed hydra

Illustrated notes

Levels and vault maps discovered:
D:1:      onia_arrival_zoo_common, layout_basic, serial_shops,
          nicolae_shop_behind_doors, dilly_ecumenical_altar_fadedgnrine
D:2:      layout_basic, serial_shops, nicolae_shop_behind_doors
D:3:      layout_rooms, gammafunk_temple_overflow_elements,
          gammafunk_ghost_abyssal_escape
D:4:      layout_gridville, enter_ossuary_2, hangedman_decor_slide_cut,
          minmay_misc_feat_secret_circle
D:5:      layout_basic, old_standard_altar, minmay_temple_entry_large_hall
D:6:      layout_cave_pools, hangedman_decor_growths,
          minmay_misc_feat_diagonals, minmay_misc_feat_tower
D:7:      layout_basic, old_standard_altar
D:8:      layout_gridville, david_lair_shrubbed, enter_bailey_3, uniq_psyche
D:9:      layout_basic, grunt_ministairs_6, st_stairs_14,
          chequers_serial_rivers_room_b, uniq_joseph
D:10:     layout_cave_pools, mainiacjoe_overflow_chevrons
D:11:     layout_gridville, special_room [special_room_bee],
          nicolae_yredelemnul_corpse_copse, uniq_grum
D:12:     layout_cave_pods, david_orc_4, okawaru_gym_becter
D:13:     layout_basic, uniq_maurice
D:14:     layout_gridville, david_vaults_4, infiniplex_staircase_squiggle,
          enter_trove_5
Temple:   nicolae_temple_bog_church

Skill      XL: |  1  2  3  4  5  6  7  8  9 10 11 12 |
---------------+-------------------------------------+-----
Shields        | 4 5 6 7 |  7.7
Fighting       | 4 5 6 7 8 9 10 | 10.5
Maces & Flails | 3 4 5 6 |  6.3
Armour         | 4 5 |  5.1
Axes           | 1 4 7 10 12 13 | 13.6
Stealth        | 2 5 6 7 8 |  8.2
Throwing       | 1 |  1.3
Invocations    | 4 |  4.9

Action                   |  1- 3 |  4- 6 |  7- 9 | 10-12 | 13-15 || total
-------------------------+-------+-------+-------+-------+-------++-------
Melee: Flail             |   129 |   248 |    80 |       |     7 ||   464
       War axe           |       |       |   130 |   466 |     8 ||   604
Throw: Throwing net      |       |       |     1 |     1 |       ||     2
       Boomerang         |       |       |       |     6 |       ||     6
Invok: Heroism           |       |       |     2 |     2 |       ||     4
  Use: Potion            |       |     1 |     3 |     1 |       ||     5
       Scroll            |       |       |    10 |       |       ||    10
 Stab: Sleeping          |       |       |     5 |    13 |       ||    18
       Invisible         |       |       |       |     4 |       ||     4
       Distracted        |       |       |       |     1 |       ||     1
Armor: Scale mail        |   103 |   141 |    24 |       |       ||   268
       Robe              |       |       |    72 |   213 |    26 ||   311
Dodge: Dodged            |    98 |   113 |   104 |   251 |    23 ||   589
       Repelled          |       |     1 |     3 |     2 |       ||     6
Block: Buckler           |    48 |    45 |    50 |   124 |    16 ||   283
